 Dungeon Crawl Stone Soup version 0.29-a0-512-gf59ac788ac (webtiles) character file.

Game seed: 6219077436490821890

2 ytrimaz the Insei (level 1, -1/13 HPs)
             Began as an Octopode Transmuter on May 29, 2022.
             Slain by a kobold
             ... wielding a +1 dagger of speed
              (4 damage)
             ... on level 1 of the Dungeon.
             The game lasted 00:00:13 (84 turns).

ytrimaz the Insei (Octopode Transmuter)               Turns: 84, Time: 00:00:14

Health: -1/13      AC:  1    Str:  9    XL:     1   Next: 30%
Magic:  2/3        EV: 13    Int: 15    God:
Gold:   5          SH:  0    Dex: 12    Spells: 3/4 levels left

rFire   . . .      SeeInvis .     - Unarmed
rCold   . . .      Faith    .   (no shield)
rNeg    . . .      Spirit   .   (helmet currently unavailable)
rPois   .          Reflect  .   (no amulet)
rElec   .          Harm     .   (no ring)
rCorr   .          Rampage  .   (no ring)
Will    .....                   (no ring)
Stlth   ++........              (no ring)
HPRegen 0.04/turn               (no ring)
MPRegen 0.08/turn               (no ring)
                                (no ring)
                                (no ring)

@: appendages (expiring)
A: tentacle spike 3, almost no armour, amphibious, 8 rings, camouflage 1,
gelatinous body 1, (nimble swimmer 1), tentacles
a: End Transformation


You were on level 1 of the Dungeon.
One of your tentacles had grown a beastly spike.
You visited 1 branch of the dungeon, and saw 1 of its levels.

You collected 5 gold pieces.

Inventory:

Scrolls
 c - a scroll of enchant weapon {unknown}
Potions
 a - a potion of lignification
 b - a potion of resistance {unknown}


   Skills:
 * Level 1.0 Fighting
 + Level 2.0 Dodging
 * Level 3.1 Unarmed Combat
 - Level 2.0 Spellcasting
 + Level 2.0 Transmutations


You had 3 spell levels left.
You knew the following spells:

 Your Spells              Type           Power      Damage    Failure   Level
a - Beastly Appendage     Tmut           14%        N/A       10%         1

Your spell library contained the following spells:

 Spells                   Type           Power      Damage    Failure   Level
 Wereblood                Tmut           7%         N/A       14%         2
 Spider Form              Tmut/Pois      4%         N/A       41%         3
 Ice Form                 Ice/Tmut       4%         N/A       82%         4


Dungeon Overview and Level Annotations

Branches:
Dungeon (1/15)

Altars:


Innate Abilities, Weirdness & Mutations

One of your tentacles has grown a beastly spike.
You cannot wear most types of armour.
You are amphibious.
You can wear up to eight rings at the same time.
Your skin changes colour to match your surroundings (Stealth+).
Your rubbery body absorbs attacks. (AC +1, EV +1)
((You are camouflaged when in or above water. (Stealth+)))
You have tentacles for arms and can constrict up to eight enemies at once.


Message History

You kill the endoplasm!
Your transformation is almost over.
Magic restored.
Your tentacle spike disappears.
A rat comes into view.
A rat is nearby!
A rat is nearby!
One of your tentacles grows a vicious spike.
The rat misses you. The rat misses you. The rat barely misses you.
The rat barely misses you.
You closely miss the rat. Your grab misses the rat. You squeeze the rat.
You kill the rat!
Your transformation is almost over.
You open the door.
Found 27 stones.
There is an open door here.
b - a metallic pink potion Your tentacle spike disappears.
You see here 27 stones.
c - a scroll labelled VEAREXUZIO
Found a stone staircase leading down.
You now have 5 gold pieces.
A kobold comes into view. It is wielding a +1 dagger of speed.
A kobold is nearby!
A kobold is nearby!
One of your tentacles grows a vicious spike.
A goblin and a dart slug come into view.
The kobold shouts!
The dart slug launches a dart at you. The slug dart hits you.
Your transformation is almost over.
The kobold hits you with a +1 dagger of speed. x2
* * * LOW HITPOINT WARNING * * *
The goblin shouts!
You tentacle-slap the kobold but do no damage.
Your grab misses the kobold.
Your tentacle spike misses the kobold.
The kobold hits you with a +1 dagger of speed.
You die...

+.....#.##.#
###.#.#.##.####
#...#.......#
##..#.#.###.#
#..###.# #.#
#.>....#+#.###...
#..............
#..............
#...@..........
#...K..........
#..............
#....g.......##
#.............
#......w......
#............
##########..


You could see a dart slug, a goblin and a kobold.

Vanquished Creatures
  An endoplasm (D:1)
  A rat (D:1)
2 creatures vanquished.

Notes
Turn   | Place    | Note
-------+----------+-------------------------------------------
     0 | D:1      | ytrimaz the Octopode Transmuter began the quest for the
                  | Orb.
     0 | D:1      | Reached XP level 1. HP: 13/13 MP: 3/3
    84 | D:1      | Slain by a kobold

Illustrated notes

Levels and vault maps discovered:
D:1:      noname_arrival_rooms_in_the_neighbourhood, layout_basic, hex_medium

Action                   || total
-------------------------++-------
Melee: Unarmed           ||     4
       Kick              ||     1
       Tentacles         ||     1
 Cast: Beastly Appendage ||     3
Dodge: Dodged            ||     5

Table legend: (Time is in decaauts)
 A = Elapsed time spent in this place.
 B = Non-inter-level travel time spent in this place.
 C = Inter-level travel time spent in this place.
 D = Time resting spent in this place.
 E = Time spent auto-exploring this place.
 F = Levels seen in this place.
 G = Mean time per level.
                   A        B        C        D        E       F      G
               +--------+--------+--------+--------+--------+-----+--------+
         Total |     83 |     83 |      0 |      0 |     56 |   1 |   83.0 |
       Dungeon |     83 |     83 |      0 |      0 |     56 |   1 |   83.0 |
               +--------+--------+--------+--------+--------+-----+--------+

Top non-repeatable levels by time:
     D:1: 83 daAuts
